 Dungeon Crawl Stone Soup version 0.24-a0-520-g8fd06ad0bc (webtiles) character file.

Game seed: 11294194354651267683

64 vurker the Bolt Thrower (level 4, 0/27 HPs)
             Began as a Kobold Hunter on July 27, 2019.
             Was an Initiate of Okawaru.
             Killed from afar by an orc wizard (12 damage)
             ... with a puff of flame
             ... on level 3 of the Dungeon.
             The game lasted 00:03:06 (2545 turns).

vurker the Bolt Thrower (Kobold Hunter)             Turns: 2545, Time: 00:03:07

Health: 0/27       AC:  4    Str: 10    XL:     4   Next: 32%
Magic:  4/4        EV: 15    Int: 12    God:    Okawaru [......]
Gold:   95         SH:  0    Dex: 17    Spells: 3/3 levels left

rFire    . . .     SeeInvis .   a - +1 hand crossbow
rCold    . . .     Gourm    .   (shield restricted)
rNeg     . . .     Faith    .   c - +0 leather armour
rPois    .         Spirit   .   (no helmet)
rElec    .         Reflect  .   (no cloak)
rCorr    .         Harm     .   k - +0 pair of gloves
MR       .....                  (no boots)
Stlth    ++........             (no amulet)
HPRegen  0.09/turn              m - +2 ring of dexterity
MPRegen  0.09/turn              (no ring)

@: no status effects
A: small, carnivore
a: Renounce Religion


You were on level 3 of the Dungeon.
You worshipped Okawaru.
Okawaru was noncommittal.
You were very full.

You visited 1 branch of the dungeon, and saw 3 of its levels.

You collected 95 gold pieces.

Inventory:

Hand Weapons
 a - a +1 hand crossbow (weapon)
 b - a +0 short sword
Missiles
 d - 59 bolts (quivered)
Armour
 c - a +0 leather armour (worn)
 k - a +0 pair of gloves (worn)
   (You found it on level 2 of the Dungeon)
Jewellery
 m - a +2 ring of dexterity (left hand)
   (You found it on level 3 of the Dungeon)
Scrolls
 f - a scroll of immolation {unknown}
 h - 6 scrolls of identify {unknown}
 j - a scroll of fog {unknown}
 n - a scroll of teleportation {unknown}
 o - 2 scrolls of fear {unknown}
 p - 2 scrolls of remove curse {unknown}
 q - a scroll of amnesia {unknown}
Potions
 g - 2 potions of heal wounds {unknown}
 i - 2 potions of might {unknown}
 l - 2 potions of curing {unknown}
 r - a potion of cancellation {unknown}
 s - a potion of brilliance {unknown}
Comestibles
 e - 8 rations
 t - 2 chunks of flesh


   Skills:
 + Level 2.8 Fighting
 * Level 2.9 Short Blades
 * Level 5.6 Crossbows
 - Level 2.4 Dodging
 - Level 1.3 Stealth
 + Level 0.0 Invocations


You had 3 spell levels left.
You didn't know any spells.
Your spell library contained the following spells:

 Spells                   Type           Power        Failure   Level  Hunger
 Animate Skeleton         Necr           N/A          41%         1    ##.....
 Apportation              Tloc           #.....       41%         1    ##.....
 Confusing Touch          Hex            #.....       41%         1    ##.....
 Summon Small Mammal      Summ           #...         41%         1    ##.....


Dungeon Overview and Level Annotations

Branches:
Dungeon (3/15)

Altars:
Dithmenos
Okawaru


Innate Abilities, Weirdness & Mutations

You are small and have problems with some larger weapons.
You are carnivorous and can eat meat at any time.


Message History

a +0 dagger; a +0 hunting sling; 9 stones; a goblin skeleton
Items here: ( )) รท a +0 dagger; a +0 hunting sling; 9 stones; a goblin skeleton Eating one of 3 chunks of flesh.
You eat one of the 3 chunks of flesh.
This raw flesh tastes great.
Found a shadowy altar of Dithmenos.
An orc and an orc wizard come into view.
The orc wizard shouts!
The orc shouts!
An orc comes into view. It is wielding a +0 trident.
The orc wizard hits you with a +0 dagger.
You hit the orc wizard but do no damage.
The orc wizard casts a spell at you. The puff of flame hits you!
An orc wizard comes into view. It is wielding a +0 dagger.
The orc wizard shouts!
You hit the orc wizard.
The orc wizard hits you with a +0 dagger.
* * * LOW HITPOINT WARNING * * *
a - a +1 hand crossbow (weapon)
Firing (i - inventory)
d - 63 bolts (quivered)
Aim: an orc wizard, wielding a +0 dagger and wearing a +0 robe (lightly wounded)
You shoot a bolt. The bolt closely misses the orc wizard.
The bolt hits the orc!
You kill the orc!
Okawaru accepts your kill.
The orc wizard begins to cast a cantrip, but forgets the words!
An orc comes into view. It is wielding a +0 whip.
The orc misses you.
The orc wizard gestures at you while chanting.
The puff of flame misses you.
Firing (i - inventory)
d - 62 bolts (quivered)
Aim: an orc wizard, wielding a +0 dagger and wearing a +0 robe (lightly wounded)
You shoot a bolt. The bolt hits the orc wizard.
The orc wizard mumbles some strange words.
The orc wizard blinks!
The orc wizard completely misses you. The orc completely misses you.
Firing (i - inventory)
d - 61 bolts (quivered)
Aim: an orc wizard, wielding a +0 dagger and wearing a +0 robe (heavily wounded)
You shoot a bolt. The bolt closely misses the orc wizard.
The bolt hits the orc.
You kill the orc!
Okawaru accepts your kill. The orc wizard misses you.
A rat comes into view.
Firing (i - inventory)
d - 60 bolts (quivered)
Aim: an orc wizard, wielding a +0 dagger and wearing a +0 robe (heavily wounded)
You shoot a bolt.
The bolt barely misses the orc wizard. x2
The orc wizard gestures at you while chanting.
The puff of flame hits you!
You die... ##### #@..## #o###.## #(# ##.## oo#

##.### ##r
#...# #
#.#.#
#.##.#
##### #.#
#.#####....
..#
#.......###


You could see 2 orc wizards, an orc and a rat.

Vanquished Creatures
  2 worms (D:2)
  A dart slug (D:1)
  2 leopard geckos
  2 orcs (D:3)
  6 bats
  2 giant cockroaches (D:2)
  8 goblins
  4 hobgoblins
  5 jackals
  A ball python (D:1)
  4 frilled lizards
  8 kobolds
  5 rats
50 creatures vanquished.

Notes
Turn   | Place    | Note
-------+----------+-------------------------------------------
     0 | D:1      | vurker the Kobold Hunter began the quest for the Orb.
     0 | D:1      | Reached XP level 1. HP: 12/12 MP: 1/1
    29 | D:1      | Reached skill level 1 in Short Blades
    29 | D:1      | Reached skill level 5 in Crossbows
   174 | D:1      | Reached XP level 2. HP: 18/18 MP: 2/2
   629 | D:1      | Reached XP level 3. HP: 8/22 MP: 3/3
  1783 | D:2      | Reached XP level 4. HP: 21/27 MP: 4/4
  2265 | D:2      | Found an iron altar of Okawaru.
  2375 | D:2      | Became a worshipper of Warmaster Okawaru
  2504 | D:3      | Found a shadowy altar of Dithmenos.
  2545 | D:3      | Killed from afar by an orc wizard

Levels and vault maps discovered:
D:1:      saegor_arrival_miasma, layout_basic
D:2:      layout_basic, lemuel_doored_altar, first_ration
D:3:      layout_loops_ring, overflow_temple_1_default,
          nicolae_overflow_hidden_temple, gammafunk_temple_overflow_forgotten

Skill      XL: |  1  2  3 |
---------------+----------+-----
Short Blades   | 1 2 |  2.9
Crossbows      | 5 |  5.6
Fighting       | |  2.8
Dodging        | |  2.4
Stealth        | |  1.3

Action                   |  1- 3 |  4- 6 || total
-------------------------+-------+-------++-------
Melee: Short sword       |    99 |    23 ||   122
 Fire: Hand crossbow     |    39 |     4 ||    43
 Stab: Sleeping          |       |     1 ||     1
  Eat: Chunk             |    11 |     2 ||    13
Armor: Leather armour    |    30 |     5 ||    35
Dodge: Dodged            |   123 |    16 ||   139

Table legend:
 A = Non-vault XP
 B = Vault XP
 C = Vault XP percentage of total XP
 D = Non-vault monster count
 E = Vault monster count
 F = Vault count percentage of total count
                 A         B        C        D         E       F
            +---------+---------+-------+---------+---------+-------
      Total |      92 |       0 |   0.0 |      50 |       0 |   0.0
            +---------+---------+-------+---------+---------+-------
        D:1 |      47 |       0 |   0.0 |      28 |       0 |   0.0
        D:2 |      36 |       0 |   0.0 |      17 |       0 |   0.0
        D:3 |       9 |       0 |   0.0 |       5 |       0 |   0.0
            +---------+---------+-------+---------+---------+-------
